AoeStats
← SHIOZEN

Four Lakes

509632843Analyzed
1v1 RM · 5d ago on Sep 27, 2026· 22m 15s· 2 players
Game mode
Random Map
Map size
Tiny (2 player)
Population
200
Speed
Normal
Resources
Standard
Victory
Conquest
Starting age
Dark Age
Ending age
Imperial Age
RankedLock teamsTeams togetherTeam positionsShared explorationLock speedFull tech treeHidden civsTurbo modeCheats
Victory
Defeat
🇨🇳 Inca · China
1643
+12
🇨🇴 Japanese · Colombia
1552
-12
SHIOZEN
5:02 Loom
9:45 Feudal Age
14:31 Castle Age
12:34 Double-Bit Axe
14:51 Demolition Ship
15:57 Medium Warships
16:40 Bow Saw
19:53 Bloodlines
20:28 Horse Collar
22:48 Scale Barding Armor
海峡
9:08 Loom
12:38 Feudal Age
13:11 Double-Bit Axe
13:15 Fishing Lines
16:15 Castle Age
14:44 Forging
14:56 Gold Mining
14:44 Champi Runner
17:06 Medium Warships
17:33 Iron Casting
16:24 Champi Warrior
18:45 Gillnets
18:55 Arson
21:48 Scale Mail Armor
Connection lost

Rejoining the realm…

Still unreachable

The connection could not be restored.

Session expired

The server has moved on; the page needs a fresh start.